 Dungeon Crawl Stone Soup version 0.21.0-22-g11d5b52 (webtiles) character file.

638 Charmandara the Chopper (level 7, -2/52 HPs)
             Began as a Mummy Fighter on Jan 18, 2018.
             Slain by an ogre
             ... wielding a +0 giant spiked club
              (19 damage)
             ... on level 4 of the Dungeon.
             The game lasted 00:08:05 (3743 turns).

Charmandara the Chopper (Mummy Fighter)             Turns: 3743, Time: 00:08:05

Health: -2/52      AC:  7    Str: 22    XL:     7   Next: 25%
Magic:  7/7        EV:  7    Int:  7    God:
Gold:   168        SH: 10    Dex: 11    Spells: 6/6 levels left

rFire    x . .     SeeInvis .   a - +0 war axe
rCold    + . .     Gourm    .   c - +1 shield
rNeg     + + +     Faith    .   b - +0 scale mail
rPois    ∞         Spirit   .   l - +0 helmet
rElec    .         Reflect  .   (no cloak)
rCorr    .         Harm     .   (no gloves)
MR       .....                  (no boots)
Stlth    ..........             (no amulet)
HPRegen  0.17/turn              (no ring)
MPRegen  0.10/turn              (no ring)

@: no status effects
A: no food or potions, fire vulnerability, cold resistance 1, negative energy
resistance 3, torment resistance, unbreathing
a: no special abilities


You were on level 4 of the Dungeon.
You were not hungry.

You visited 1 branch of the dungeon, and saw 4 of its levels.

You collected 168 gold pieces.

Inventory:

Hand Weapons
 a - a +0 war axe (weapon)
 o - a +2 dagger of draining
   (You took it off an orc on level 3 of the Dungeon)
 q - a cursed -2 rapier
   (You found it on level 3 of the Dungeon)
 s - a +1 antimagic whip
   (You found it on level 4 of the Dungeon)
Missiles
 e - 101 stones (quivered)
 f - 20 poisoned needles
 g - 15 bolts
 i - 65 arrows
 t - 17 sling bullets
Armour
 b - a +0 scale mail (worn)
 c - a +1 shield (worn)
 l - a +0 helmet (worn)
   (You took it off Robin on level 2 of the Dungeon)
Jewellery
 n - a cursed ring of teleportation {+/*tele, !d}
   (You found it on level 2 of the Dungeon)
Scrolls
 d - a scroll of teleportation
 j - 2 scrolls of fog {unknown}
 k - a scroll of amnesia
 p - a scroll of enchant armour
 r - a scroll of remove curse
Books
 h - a book of Conjurations {@e1}
   (You found it on level 3 of the Dungeon)


   Skills:
 - Level 3.0 Fighting
 + Level 6.8 Axes
 - Level 2.4 Armour
 - Level 2.4 Shields


You had 6 spell levels left.
You didn't know any spells.

Dungeon Overview and Level Annotations

Branches:
Dungeon (4/15)
 Temple: D:4-7

Altars:


Innate Abilities, Weirdness & Mutations

You do not eat or drink.
Your flesh is vulnerable to fire.
You are immune to poison.
Your flesh is cold resistant. (rC+)
You are immune to negative energy. (rN+++)
You are immune to unholy pain and torment.
You can survive without breathing.


Message History

You now have 168 gold pieces (gained 5).
You slash the iguana! You block the iguana's attack.
Your shield and scale mail prevent you from hitting the iguana.
The iguana bites you.
The iguana bites you but does no damage.
You take 1 damage, and have 46/47 hp.
Your shield and scale mail prevent you from hitting the iguana.
The iguana bites you.
You hit the iguana. The iguana bites you.
You take 2 damage, and have 44/47 hp.
You hit the iguana. The iguana barely misses you.
You block the iguana's attack.
You slash the iguana!
You kill the iguana!
You have reached level 7!
You regained 5 hp, and now have 49/52 hp.
MP restored: 7 You see here an iguana corpse.
You butcher the iguana corpse.
Things that are here:
a chunk of flesh {@w0}; an iguana skeleton An adder comes into view.
The adder hisses angrily.
Unknown command.
An adder is nearby!
You slash the adder!
You kill the adder!
You see here an adder corpse.
There isn't anything here!
You see here an adder corpse.
You butcher the adder corpse.
You see here a chunk of flesh {@w0}.
Things that are here:
a chunk of flesh {@w0}; an iguana skeleton The orc shouts! x2; The orc wizard shouts!
The orc is too close now for your liking.
Health restored: 52 Unknown command.
The orc shouts!
The ogre shouts! x2; The kobold shouts!
The orc barely misses you.
The orc shouts!
You slash the orc!
You kill the orc!
You closely miss the orc.
Your shield prevents you from hitting the orc wizard.
You block the orc's attack. The orc wizard closely misses you.
Your shield and scale mail prevent you from hitting the orc wizard.
You slash the orc!
You kill the orc!
The kobold throws a stone.
You block the stone. You block the orc wizard's attack.
The orc wizard casts a spell.
The orc wizard seems to speed up.
The orc wizard gestures at you while chanting.
The magic dart hits you!
You take 4 damage, and have 48/52 hp.
The orc wizard gestures at you while chanting.
You block the puff of flame.
You can't drink.
Unknown command.
Unknown command.
You hit the orc wizard.
The orc wizard looks satisfied for a moment.
The orc wizard hits you but does no damage.
You hit the orc wizard but do no damage.
The orc wizard barely misses you.
You slash the orc wizard! The orc wizard barely misses you.
The ogre hits you but does no damage.
You slash the ogre! You hit the orc wizard. You block the orc wizard's attack.
The orc wizard hits you but does no damage.
Unknown command.
You slash the ogre! You barely miss the orc wizard.
The orc wizard mumbles some strange words.
The orc wizard flickers and vanishes!
Deactivating autopickup; reactivate with Ctrl-A.
The ogre closely misses you.
Unknown command.
You slash the ogre! You completely miss something. You block the ogre's attack.
Something hits you but does no damage.
Unknown command.
You slash the ogre!
You kill the ogre!
You miss something. Something completely misses you.
You hear some strange, mumbled words.
A magic dart appears from out of thin air!
The magic dart hits you!
The ogre hits you with a giant spiked club!!
You take 33 damage, and have 17/52 hp.
MASSIVE DAMAGE!!
You slash the ogre! You miss something. Something hits you but does no damage.
You hear some strange, mumbled words.
A puff of frost appears from out of thin air!
The puff of frost misses you. You block the ogre's attack.
Something hits you but does no damage.
Unknown command.
You hit the ogre. You hit something.
Reactivating autopickup.
You feel a bit more experienced.
The ogre hits you with a giant spiked club!!
You die...

..oo..# .. #..## ###
......## #.# ##..#
.......# .. #..##
.......# .## #...#
.......# #.## ##..##
....(..# ####..#
#...#
.......###....K###
##.%##
..>..O)#.....ooO)##
#...##
.......(..o.####@.##
#....# .........####
##..## ##...##
.......### #...###
#....# # .......#
#.....###....## #
.......#
#...%...##...[###
.!.#####
#........#....##.
####
#......[.......#.
#................
##................


You could see an ogre, 2 orcs and a kobold.

Vanquished Creatures
  2 ogres (D:4)
  2 scorpions
  A hound (D:4)
  An orc wizard (D:4)
  A bullfrog skeleton (D:4)
  An iguana (D:4)
  A worker ant (D:4)
  A hound skeleton (D:4)
  Robin (D:2)
  9 adders
  3 oozes
  3 worms
  7 dart slugs
  2 leopard geckos (D:2)
  12 orcs
  4 giant cockroaches
  13 goblins
  9 hobgoblins
  3 jackals (D:1)
  5 kobolds
  A quokka (D:2)
  3 ball pythons
  6 bats
  6 frilled lizards
  6 rats
103 creatures vanquished.

Notes
Turn   | Place    | Note
-------+----------+-------------------------------------------
     0 | D:1      | Charmandara the Mummy Fighter began the quest for the Orb.
     0 | D:1      | Reached XP level 1. HP: 18/18 MP: 1/1
   103 | D:1      | Reached skill level 2 in Axes
   236 | D:1      | Reached XP level 2. HP: 24/24 MP: 2/2
   487 | D:1      | Reached skill level 3 in Axes
   487 | D:1      | Reached XP level 3. HP: 27/29 MP: 3/3
   646 | D:2      | HP: 7/29 [orc/hand axe (2)]
   648 | D:2      | Reached XP level 4. HP: 9/35 MP: 4/4
  1069 | D:2      | Reached skill level 4 in Axes
  1141 | D:2      | Noticed Robin
  1153 | D:2      | Killed Robin
  1660 | D:2      | Reached XP level 5. HP: 41/41 MP: 5/5
  2339 | D:3      | Reached skill level 5 in Axes
  2800 | D:4      | HP: 10/41 [worker ant (5)]
  2801 | D:4      | Reached XP level 6. HP: 11/47 MP: 6/6
  3294 | D:4      | Reached skill level 6 in Axes
  3661 | D:4      | Reached XP level 7. HP: 49/52 MP: 7/7
  3743 | D:4      | Slain by an ogre

Skill      XL: |  1  2  3  4  5  6 |
---------------+-------------------+-----
Axes           | 2 3 4 5 6 |  6.8
Fighting       | |  3.0
Armour         | |  2.4
Shields        | |  2.4

Action                   |  1- 3 |  4- 6 |  7- 9 || total
-------------------------+-------+-------+-------++-------
Melee: War axe           |   111 |   222 |    13 ||   346
  Use: Scroll            |     3 |     6 |       ||     9
Armor: Scale mail        |    94 |    65 |     6 ||   165
Dodge: Dodged            |    50 |    72 |     7 ||   129
Block: Shield            |    66 |   115 |     7 ||   188

Vault maps used:
D:1:      minmay_arrival_diagonal_passages
D:2:      kennysheep_big_flooded_room, uniq_robin
D:3:      st_stairs_8
D:4:      first_ration

Table legend:
 A = Turns spent in this place as a percentage of turns spent in the entire game.
 B = Non-inter-level travel turns spent in this place as a percentage of non-inter-level travel turns spent in the entire game.
 C = Inter-level travel turns spent in this place as a percentage of turns spent in this place.
 D = Turns resting spent in this place as a percentage of non-inter-level travel turns spent in this place.
 E = Turns spent auto-exploring this place as a percentage of non-inter-level travel turns spent in this place.
 F = Non-inter-level travel turns spent in this place divided by the number of levels of this place that you've seen.
                   A       B       C       D       E      F
               +-------+-------+-------+-------+-------+----------------------
         Total | 100.0 | 100.0 |   3.5 |  22.5 |  54.6 | 902.8
       Dungeon | 100.0 | 100.0 |   3.5 |  22.5 |  54.6 | 902.8
               +-------+-------+-------+-------+-------+----------------------

Table legend:
 A = Kills in this place as a percentage of kills in entire the game.
 B = Kills by you in this place as a percentage of kills by you in the entire game.
 C = Kills by friends in this place as a percentage of kills by friends in the entire game.
 D = Other kills in this place as a percentage of other kills in the entire game.
 E = Experience gained in this place as a percentage of experience gained in the entire game.
 F = Experience gained in this place divided by the number of levels of this place that you have seen.
                   A       B       C       D       E      F
               +-------+-------+-------+-------+-------+----------------------
         Total | 100.0 | 100.0 |   N/A |   N/A | 100.0 | 228.0
       Dungeon | 100.0 | 100.0 |   N/A |   N/A | 100.0 | 228.0
               +-------+-------+-------+-------+-------+----------------------
